 Dungeon Crawl Stone Soup version 0.29.1-13-g9f3cf754e1 (webtiles) character file.

Game seed: 1189449728574006908

256 javelincjr the Digger (level 5, 0/40 HPs)
             Began as a Draconian Earth Elementalist on Jan 24, 2023.
             Frozen to death by an endoplasm (1 damage)
             ... in a sewer.
             The game lasted 00:08:29 (2671 turns).

javelincjr the Digger (DrEE)                        Turns: 2671, Time: 00:08:31

Health: 0/40       AC:  5    Str: 10    XL:     5   Next: 92%
Magic:  6/9        EV: 12    Int: 17    God:
Gold:   113        SH:  5    Dex: 12    Spells: 9/10 levels left

rFire   . . .      SeeInvis .   f - +0 spear
rCold   . . .      Faith    .   (no shield)
rNeg    . . .      Spirit   .   (body armour unavailable)
rPois   .          Reflect  +   (helmet restricted)
rElec   .          Harm     .   (no cloak)
rCorr   .          Rampage  .   (no gloves)
Will    .....                   (no boots)
Stlth   ++........              n - amulet of reflection
HPRegen 0.13/turn               (no ring)
MPRegen 0.11/turn               (no ring)

@: slowed, very slow
A: AC +5, unfitting armour, cold-blooded
a: no special abilities


You were in a sewer.
You visited 1 branch of the dungeon, and saw 3 of its levels.
You also visited: Sewer.

You collected 113 gold pieces.

Inventory:

Hand Weapons
 f - a +0 spear (weapon)
Missiles
 u - 6 poisoned darts
Magical Staves
 p - a staff of cold
Jewellery
 n - an amulet of reflection (around neck)
Wands
 j - a wand of roots (3)
Scrolls
 d - 2 scrolls of teleportation
 k - a scroll of torment {unknown}
 l - a scroll of enchant weapon {unknown}
 o - 2 scrolls of identify {unknown}
 r - a scroll of fear {unknown}
 v - a scroll of blinking {unknown}
Potions
 a - 2 potions of magic
 c - 5 potions of curing {unknown}
 e - 3 potions of heal wounds {unknown}
 h - 3 potions of mutation {unknown}
 i - a potion of lignification {unknown}
 m - 2 potions of degeneration {unknown}
 q - a potion of cancellation {unknown}
 s - 2 potions of ambrosia {unknown}
 t - a potion of haste {unknown}


   Skills:
 + Level 1.1 Fighting
 + Level 2.7 Polearms
 + Level 2.4 Dodging
 + Level 2.8 Stealth
 + Level 3.2 Spellcasting
 + Level 1.1 Transmutations
 + Level 3.9 Earth Magic


You had 9 spell levels left.
You knew the following spells:

 Your Spells              Type           Power      Damage    Failure   Level
a - Sandblast             Erth           32%        2d9       3%          1

Your spell library contained the following spells:

 Spells                   Type           Power      Damage    Failure   Level
 Passwall                 Tmut/Erth      9%         N/A       9%          2
 Stone Arrow              Conj/Erth      18%        3d8       22%         3
 Petrify                  Tmut/Erth      11%        N/A       52%         4


Dungeon Overview and Level Annotations

Branches:
Dungeon (3/15)              Sewer (1/1)

Altars:

Shops:
D:2 (


Innate Abilities, Weirdness & Mutations

Your plain brown scales are hard. (AC +5)
You cannot fit into any form of body armour.
You are cold-blooded and may be slowed by cold attacks.


Message History

The endoplasm freezes you.
You are frozen.
* * * LOW HITPOINT WARNING * * *
You feel as though you will be slow longer.
The ball python barely misses you. The ball python constricts you.
Casting: Sandblast (safe; 3% risk of failure)
Confirm with . or Enter, or press ? or * to list all spells.
Aiming: Sandblast (safe; 3% risk of failure)
Press: ? - help, Shift-Dir - straight line, f - endoplasm, p - endoplasm
Aim: an endoplasm (98% to hit)
The blast of sand misses the ball python.
The blast of sand hits the endoplasm.
The endoplasm is heavily wounded.
The endoplasm closely misses you. You block the ball python's attack.
The ball python constricts you. The endoplasm freezes you.
You are frozen.
* * * LOW HITPOINT WARNING * * *
The endoplasm freezes you.
You are frozen.
* * * LOW HITPOINT WARNING * * *
You feel as though you will be slow longer.
The ball python bites you but does no damage.
The ball python constricts you.
The endoplasm splashes around in the water.
Casting: Sandblast (safe; 3% risk of failure)
Confirm with . or Enter, or press ? or * to list all spells.
Aiming: Sandblast (safe; 3% risk of failure)
Press: ? - help, Shift-Dir - straight line, f/p - endoplasm
Aim: an endoplasm (heavily wounded, 98% to hit)
The blast of sand hits the ball python!
You kill the ball python!
The endoplasm barely misses you. x2
The endoplasm freezes you.
You are frozen.
* * * LOW HITPOINT WARNING * * *
You feel as though you will be slow longer.
The endoplasm freezes you.
You are frozen.
You die...

#...~.~..#
#~~#
##########
#..# ##†.#
#..~# ##..##
###...# #
##.~~.~# ...
##~.~~.##
..~J.##@~~.###
#~~.JJJ~##
##~....##
##~~.~#
~.....#
#~..~~~..
~..~..~#.~~
...#~.~##.~
####~~# #~~


You could see 3 endoplasms.

Vanquished Creatures
  Sigmund (D:2)
  2 adders
  A gnoll (D:1)
  A worm (D:3)
  2 dart slugs (D:1)
  An orc (D:3)
  5 bats
  6 endoplasms
  3 giant cockroaches
  2 goblins
  6 hobgoblins
  2 quokkas
  8 ball pythons
  3 frilled lizards
  6 kobolds
  8 rats
  A spectral kobold (D:1)
58 creatures vanquished.

Notes
Turn   | Place    | Note
-------+----------+-------------------------------------------
     0 | D:1      | javelincjr the Draconian Earth Elementalist began the quest
                  | for the Orb.
     0 | D:1      | Reached XP level 1. HP: 14/14 MP: 3/3
   293 | D:1      | Reached XP level 2. HP: 20/20 MP: 1/5
   872 | D:1      | Reached XP level 3. HP: 20/26 MP: 7/7
   965 | D:1      | Found a faded altar of an unknown god.
  1246 | D:2      | Found Docairph's Antique Weapon Emporium.
  1509 | D:2      | Noticed Sigmund
  1897 | D:2      | Killed Sigmund
  1898 | D:2      | Reached skill level 1 in Fighting
  1898 | D:2      | Reached XP level 4. HP: 12/35 MP: 2/8
  1898 | D:2      | Reached XP level 5. HP: 14/40 MP: 2/9
  2431 | D:3      | Found a glowing drain.
  2463 | Sewer    | Entered a sewer
  2671 | Sewer    | HP: 1/40 [frozen (2)]
  2671 | Sewer    | Frozen to death by an endoplasm

Illustrated notes

Levels and vault maps discovered:
D:1:      minmay_arrival_semitransparent, layout_loops_corners,
          dreamdust_ecumenical_altar_drowned_temple
D:2:      layout_loops_cross, serial_shops, shop, kennysheep_generic_room_6,
          uniq_sigmund
D:3:      layout_loops_ring, cheibrodos_sewer_entry_bend
Sewer:    sewer_hellmonk_slimy_pipes

Skill      XL: |  1  2  3 |
---------------+----------+-----
Fighting       | 1 |  1.1
Polearms       | 2 |  2.7
Dodging        | 2 |  2.4
Stealth        | 2 |  2.8
Spellcasting   | 3 |  3.2
Transmutations | |  1.1
Earth Magic    | |  3.9

Action                   |  1- 3 |  4- 6 || total
-------------------------+-------+-------++-------
Melee: Spear             |    81 |    45 ||   126
       Tailslap          |     5 |     7 ||    12
       Punch             |     1 |       ||     1
 Cast: Sandblast         |    26 |    16 ||    42
  Use: Scroll            |       |     3 ||     3
 Stab: Sleeping          |     4 |     2 ||     6
Armor: Skin              |    21 |    13 ||    34
Dodge: Dodged            |    45 |    26 ||    71
Block: Other             |     3 |    10 ||    13
